[Event "Titled Tuesday Blitz January 25 2022"]
[White "Parkhov, Yair"]
[Black "Maksimovic, Bojan"]
[WhiteFideId "2813408"]
[BlackFideId "14408120"]
[WhiteElo "2164"]
[BlackElo "2450"]
[Result "1-0"]
[Round "05"]
[TimeControl "180+1"]
[Date "2022.01.26"]
[WhiteClock "0:00:18"]
[BlackClock "0:00:02"]

1. e4 c5 2. Nf3 Nc6 3. Bb5 e6 4. O-O Nge7 5. Re1 a6 6. Bf1 d5 7. exd5 Nxd5 8. d4 Nf6 9. Be3 Be7 10. c4 O-O 11. Nc3 cxd4 12. Nxd4 Ne5 13. h3 Bd7 14. Qe2 Ng6 15. Rad1 Qc7 16. a3 Rad8 17. b4 e5 18. Nb3 Be6 19. Nc5 Bc8 20. N5a4 Rxd1 21. Rxd1 Nf4 22. Bxf4 exf4 23. c5 Be6 24. Nb6 Rd8 25. Rxd8+ Qxd8 26. Qd3 Qc7 27. Ncd5 Nxd5 28. Nxd5 Qd8 29. Nxf4 Bd7 30. Nd5 Bg5 31. f4 Bh4 32. g3 Be7 33. Qe4 Bf8 34. Bc4 Bc6 35. Qf5 g6 36. Qe5 Bg7 37. Qe7 Qf8 38. Nf6+ Kh8 39. Nd5 Bxd5 40. Qxf8+ Bxf8 41. Bxd5 Bg7 42. Bxb7 a5 43. c6 Bd4+ 44. Kg2 Bb6 45. bxa5 Bxa5 46. Kf3 Kg7 47. Ke4 Kf6 48. Kd5 Ke7 49. Ba6 Bc7 50. Bf1 f5 51. Bc4 h6 52. a4 g5 53. Bd3 gxf4 54. gxf4 Kf6 55. Kc5 Ke7 56. Bxf5 Bxf4 57. Kb6 Kd8 58. Kb7 Bc7 59. Bd7 Ba5 60. Ka6 Bd2 61. Kb6 Be3+ 62. Kb7 Bd2 63. c7+ 1-0


[Site "https://www.chess.com"]

[Event "Titled Tuesday Blitz January 25 2022"]
[White "Perske, Thore"]
[Black "Belov, Vladimir"]
[WhiteFideId "12902195"]
[BlackFideId "4132394"]
[WhiteElo "2315"]
[BlackElo "2501"]
[Result "1/2-1/2"]
[Round "05"]
[TimeControl "180+1"]
[Date "2022.01.26"]
[WhiteClock "0:00:05"]
[BlackClock "0:00:07"]

1. e4 c6 2. d4 d5 3. e5 Bf5 4. Nf3 e6 5. Be2 Ne7 6. O-O Bg6 7. c3 Nf5 8. Nbd2 a6 9. a4 c5 10. dxc5 Bxc5 11. Nb3 Nd7 12. Nxc5 Nxc5 13. Nd4 O-O 14. Nxf5 Bxf5 15. Be3 Rc8 16. a5 Qc7 17. Bd4 Nd7 18. f4 f6 19. exf6 Nxf6 20. Bxf6 Rxf6 21. Qd4 Be4 22. g3 Rcf8 23. Bd3 Bxd3 24. Qxd3 Rc8 25. Qd4 Qc4 26. Qxc4 Rxc4 27. Rfd1 Rf8 28. Ra3 Rfc8 29. Rb3 R8c7 30. Re1 Kf7 31. Kf2 R4c5 32. Rb6 R5c6 33. Rb4 Rc5 34. Rb6 R5c6 35. Rb4 h6 36. h4 h5 37. Re3 Kf6 38. Kf3 g6 39. Re5 Rc5 40. Rb6 Re7 41. Ke3 Rxa5 42. b4 Ra3 43. Kd3 Ra1 44. Kc2 Rg1 45. Re3 Rf1 46. Kd3 Rc1 47. Kd2 Rg1 48. Kd3 Kf5 49. Re5+ Kf6 50. Re3 Rb1 51. Kc2 Rh1 52. Kd3 Kf7 53. Kc2 Rg1 54. Kd3 Rf1 55. Kc2 Kf6 56. Kd3 Kf5 57. Re5+ Kf6 58. Re3 1/2-1/2


[Site "https://www.chess.com"]

[Event "Titled Tuesday Blitz January 25 2022"]
[White "Petrovskyi, Vadym"]
[Black "Putnam, Liam"]
[WhiteFideId "14165210"]
[BlackFideId "30938279"]
[WhiteElo "2424"]
[BlackElo "2035"]
[Result "1/2-1/2"]
[Round "05"]
[TimeControl "180+1"]
[Date "2022.01.26"]
[WhiteClock "0:00:39"]
[BlackClock "0:00:34"]

1. e4 c5 2. Nf3 g6 3. d4 cxd4 4. Nxd4 Bg7 5. c4 Nc6 6. Be3 Nf6 7. Nc3 O-O 8. Be2 d6 9. O-O Nxd4 10. Bxd4 Bd7 11. Re1 Bc6 12. Bd3 a5 13. Qd2 a4 14. Nd5 Bxd5 15. exd5 a3 16. b3 Qd7 17. Re2 Rfe8 18. Rae1 e5 19. dxe6 Rxe6 20. Rxe6 fxe6 21. Qb4 e5 22. Ba1 Qc6 23. c5 dxc5 24. Qc4+ Kh8 25. Bxe5 Re8 26. f4 b6 27. h3 Rd8 28. Be2 Qe4 29. Kh2 Qe3 30. Qc3 Qxc3 31. Bxc3 Ng4+ 32. Bxg4 Bxc3 33. Rc1 Bd2 34. Rf1 Rd4 35. f5 gxf5 36. Bxf5 Bf4+ 37. Kh1 Bg3 38. Bb1 Rd2 39. Rc1 Kg7 40. Kg1 Rb2 41. Kf1 h5 42. Kg1 h4 43. Kf1 Bf4 44. Rd1 Bg3 45. Rc1 Kf6 46. Rd1 Ke5 47. Kg1 Kf4 48. Kf1 Ke3 49. Kg1 Rd2 50. Rf1 Bf2+ 51. Kh1 Ke2 52. Rc1 Rd1+ 53. Rxd1 Kxd1 54. Bd3 Kd2 55. Bc4 Bg3 56. b4 cxb4 57. Bb3 Ke2 58. Kg1 Ke1 59. Kh1 Kf2 60. Bc4 Ke3 61. Bb3 Kd2 62. Bd5 Kc3 63. Bb3 Kb2 64. Kg1 b5 65. Kh1 Kc3 66. Kg1 Kd3 67. Kh1 Kd2 68. Kg1 Ke1 69. Kh1 Bf2 70. Bd5 Bd4 71. Bb3 Kf2 72. Bd5 Kg3 73. Bb3 Be3 74. Bd5 Bf2 75. Bb3 Bc5 76. Bd5 Bb6 77. Bb3 Ba7 78. Bd5 Kf4 79. Bb3 Ke5 80. Bc2 Kd4 81. Bb3 Bb6 82. Kh2 Bc7+ 83. Kh1 Bf4 84. Kg1 Kc5 85. Kh1 Kd4 86. Kg1 Be3+ 87. Kh1 Bg5 88. Kg1 Bh6 89. Kh1 Bg7 90. Kg1 Bf8 91. Kh1 Be7 92. Kg1 Bd6 93. Kh1 Ke3 94. Kg1 Ke2 95. Kh1 Kd2 96. Kg1 Kc1 97. Kh1 Kb2 98. Kg1 Bf4 99. Kh1 Bg5 100. Kg1 Bf6 101. Kh1 Be7 102. Kg1 Bd6 103. Kh1 Bg3 104. Kg1 Kc3 105. Kf1 Kd4 106. Ke2 Ke4 107. Bc2+ Kd4 108. Bb3 Ke4 109. Kd2 Kd4 110. Kd1 Kd3 111. Bd5 Bf4 112. Ke1 Ke3 113. Kf1 Bh2 114. Bb3 Kf4 1/2-1/2


[Site "https://www.chess.com"]

[Event "Titled Tuesday Blitz January 25 2022"]
[White "Piorun, Kacper"]
[Black "Nakamura, Hikaru"]
[WhiteFideId "1130420"]
[BlackFideId "2016192"]
[WhiteElo "2885"]
[BlackElo "3204"]
[Result "1/2-1/2"]
[Round "05"]
[TimeControl "180+1"]
[Date "2022.01.26"]
[WhiteClock "0:00:01"]
[BlackClock "0:00:06"]

1. c4 e5 2. g3 Nf6 3. Bg2 d5 4. cxd5 Nxd5 5. Nf3 Nc6 6. O-O Nb6 7. b3 Be6 8. Bb2 f6 9. Qc1 Qd7 10. Nc3 O-O-O 11. d4 exd4 12. Rd1 Bh3 13. Nb5 Bxg2 14. Kxg2 Kb8 15. Nfxd4 Nxd4 16. Rxd4 Qc8 17. Qf4 Nd5 18. Qf3 Ne7 19. Rc1 Nc6 20. Rxc6 bxc6 21. Rxd8 Qxd8 22. Nd4 Qc8 23. Nxc6+ Ka8 24. Qe3 Kb7 25. Na5+ Ka8 26. Nc6 Kb7 27. Na5+ Ka8 28. Qe4+ c6 29. Nxc6 Bd6 30. Na5+ Kb8 31. Bd4 Qd7 32. Nc6+ Kc7 33. Nxa7 Re8 34. Qd5 Be5 35. Nb5+ Kd8 36. Bb6+ Ke7 37. Bc5+ Kd8 38. Bb6+ Ke7 39. Bc5+ Kd8 40. Qa8+ Qc8 41. Qd5+ Qd7 1/2-1/2


[Site "https://www.chess.com"]

[Event "Titled Tuesday Blitz January 25 2022"]
[White "Poliannikov, Danila"]
[Black "Obolenskikh, Dmitry"]
[WhiteFideId "30935245"]
[BlackFideId "4156013"]
[WhiteElo "2544"]
[BlackElo "2512"]
[Result "1-0"]
[Round "05"]
[TimeControl "180+1"]
[Date "2022.01.26"]
[WhiteClock "0:00:47"]
[BlackClock "0:00:37"]

1. Nf3 d6 2. c4 e5 3. Nc3 f5 4. d4 e4 5. Nd2 Nf6 6. e3 g6 7. Be2 Bg7 8. b4 O-O 9. Bb2 c6 10. Qb3 d5 11. a4 Be6 12. b5 Nbd7 13. Ba3 Rf7 14. Bd6 g5 15. h4 gxh4 16. Rxh4 Ne8 17. Bg3 Ndf6 18. c5 b6 19. O-O-O bxc5 20. dxc5 cxb5 21. axb5 Qc8 22. c6 d4 23. Bc4 Bxc4 24. Nxc4 dxc3 25. Ne5 Qc7 26. Rd7 Nxd7 27. Qxf7+ Kh8 28. Ng6# 1-0


[Site "https://www.chess.com"]

[Event "Titled Tuesday Blitz January 25 2022"]
[White "Potapova, Margarita"]
[Black "Golubka, Petro"]
[WhiteFideId "14126869"]
[BlackFideId "14114224"]
[WhiteElo "2209"]
[BlackElo "2392"]
[Result "1/2-1/2"]
[Round "05"]
[TimeControl "180+1"]
[Date "2022.01.26"]
[WhiteClock "0:00:05"]
[BlackClock "0:00:04"]

1. d4 Nf6 2. c4 e6 3. g4 Nxg4 4. Nf3 d5 5. Nc3 c6 6. Rg1 Nf6 7. Bg5 Nbd7 8. e3 Be7 9. Qc2 g6 10. O-O-O a6 11. cxd5 cxd5 12. Kb1 b5 13. h4 Bb7 14. Qb3 Bc6 15. Rc1 Rc8 16. Bd3 Nh5 17. a3 O-O 18. Bh6 Re8 19. Qc2 f5 20. Qe2 Ndf6 21. Ne5 Bb7 22. Rg2 Bd6 23. Rcg1 Bxe5 24. dxe5 d4 25. exf6 Bxg2 26. Rxg2 dxc3 27. Bc2 Kf7 28. Bg5 Qd2 29. Qf3 Rc7 30. Bf4 Rd7 31. Qc6 cxb2 32. Rg1 Nxf4 33. Rd1 Qxd1+ 34. Bxd1 Rxd1+ 35. Kxb2 Rd2+ 36. Kc1 Rd5 37. exf4 Red8 38. Qxa6 Kxf6 39. Kc2 Kf7 40. Qb7+ R8d7 41. Qb8 Kg7 42. Qe8 R5d6 43. Qb8 Rc6+ 44. Kb3 Rd3+ 45. Kb2 Rd2+ 46. Kb3 Rd7 47. Qxb5 Rcc7 48. Qe5+ Kh6 49. Qxe6 Rb7+ 50. Kc4 Rdc7+ 51. Kd4 Rd7+ 52. Kc4 Rbc7+ 53. Kb4 Ra7 54. a4 Rdb7+ 55. Kc3 Re7 56. Qd6 Rac7+ 57. Kb4 Red7 58. Qf8+ Kh5 59. Qf6 h6 60. Qe5 Rb7+ 61. Kc4 Re7 62. Qf6 Rbc7+ 63. Kb4 Rf7 64. Qe6 Rb7+ 65. Kc4 Rbe7 66. Qd6 Re4+ 67. Kc3 Rfe7 68. Qd1+ Kxh4 69. Qg1 Rc7+ 70. Kd3 Rd7+ 71. Kc3 Rc7+ 72. Kd3 Rd7+ 73. Kc3 Rc7+ 1/2-1/2


[Site "https://www.chess.com"]

[Event "Titled Tuesday Blitz January 25 2022"]
[White "Przybylski, Wojciech"]
[Black "Bacrot, Etienne"]
[WhiteFideId "1117599"]
[BlackFideId "605506"]
[WhiteElo "2133"]
[BlackElo "2673"]
[Result "0-1"]
[Round "05"]
[TimeControl "180+1"]
[Date "2022.01.26"]
[WhiteClock "0:01:48"]
[BlackClock "0:02:01"]

1. e4 c5 2. Nf3 Nc6 3. Bb5 g6 4. O-O Bg7 5. c3 Nf6 6. Re1 O-O 7. h3 d6 8. d4 cxd4 9. cxd4 a6 10. Bf1 e5 11. Nc3 exd4 12. Nxd4 Re8 13. Bg5 h6 14. Nxc6 bxc6 15. Bf4 d5 16. exd5 Rxe1 17. Qxe1 Nxd5 18. Nxd5 cxd5 19. Qd2 g5 20. Be3 d4 21. Bxd4 Qxd4 0-1


[Site "https://www.chess.com"]

[Event "Titled Tuesday Blitz January 25 2022"]
[White "Rastbod, Ali"]
[Black "Svane, Frederik"]
[WhiteFideId "12567477"]
[BlackFideId "12923044"]
[WhiteElo "2200"]
[BlackElo "2459"]
[Result "0-1"]
[Round "05"]
[TimeControl "180+1"]
[Date "2022.01.26"]
[WhiteClock "0:00:07"]
[BlackClock "0:00:09"]

1. c4 e6 2. Nf3 Nf6 3. g3 d5 4. Bg2 Be7 5. O-O O-O 6. b3 d4 7. e3 c5 8. exd4 cxd4 9. d3 Nc6 10. Re1 Nd7 11. Na3 e5 12. Nc2 Re8 13. a3 a5 14. Rb1 Bf8 15. b4 axb4 16. axb4 f6 17. Nh4 Nb6 18. b5 Ne7 19. Nb4 Na4 20. Bd2 Nc5 21. f4 exf4 22. gxf4 Nf5 23. Bd5+ Kh8 24. Nxf5 Bxf5 25. Qf3 Qd7 26. Rxe8 Rxe8 27. Re1 Ra8 28. Rf1 Ra3 29. Qh5 Bg6 30. Qh4 Nxd3 31. Nxd3 Rxd3 32. Be1 Re3 33. Bf2 Bc5 34. Bxe3 dxe3 35. Kh1 e2 36. Re1 Bd3 37. Qg3 Qf5 38. Qg2 h5 39. Bxb7 h4 40. Bf3 h3 41. Qg3 Kg8 42. Bd5+ Kf8 43. Qf3 Bb4 44. Rc1 e1=Q+ 45. Rxe1 Bxe1 46. Qe3 Qg4 47. Qc5+ Ke8 48. Qc6+ Qd7 49. Bf7+ Kd8 50. Qxd7+ Kxd7 51. Bd5 Bf2 52. b6 Bxb6 53. f5 Bxf5 54. Bf3 Be6 55. c5 Bxc5 56. Bg4 Bd6 57. Bxh3 Ke7 58. Bg2 Be5 59. Bf3 Kd6 60. Kg1 Bd5 61. Be2 Bd4+ 62. Kf1 Ke5 63. h4 Kf4 64. h5 Bf3 65. Bxf3 Kxf3 66. h6 gxh6 0-1


[Site "https://www.chess.com"]

[Event "Titled Tuesday Blitz January 25 2022"]
[White "Rodchenkov, Sergey D."]
[Black "Gaehwiler, Gabriel"]
[WhiteFideId "4168712"]
[BlackFideId "1314530"]
[WhiteElo "2306"]
[BlackElo "2383"]
[Result "0-1"]
[Round "05"]
[TimeControl "180+1"]
[Date "2022.01.26"]
[WhiteClock "0:01:44"]
[BlackClock "0:02:01"]

1. e4 c5 2. Nf3 d6 3. d4 cxd4 4. Nxd4 Nf6 5. Nc3 Nc6 6. Bg5 Bd7 7. Qd2 Rc8 8. O-O-O Qa5 9. h4 a6 10. Kb1 e6 11. f3 Be7 12. g4 h6 13. Be3 b5 14. Bg2 Ne5 15. b3 Qxc3 16. Qxc3 Rxc3 17. g5 Rxe3 18. gxf6 Bxf6 0-1


[Site "https://www.chess.com"]

[Event "Titled Tuesday Blitz January 25 2022"]
[White "Ruperez Benito, Antonio"]
[Black "Yurovskykh, Oleksandr"]
[WhiteFideId "22245049"]
[BlackFideId "14134020"]
[WhiteElo "2249"]
[BlackElo "2292"]
[Result "1-0"]
[Round "05"]
[TimeControl "180+1"]
[Date "2022.01.26"]
[WhiteClock "0:00:24"]
[BlackClock "0:00:07"]

1. d4 d5 2. c4 dxc4 3. e4 Nf6 4. Nc3 e5 5. Bxc4 Qxd4 6. Qxd4 exd4 7. Nb5 Na6 8. e5 Ne4 9. Nxd4 Bb4+ 10. Ke2 Bc5 11. Be3 Bb6 12. Ngf3 O-O 13. a3 Bg4 14. h3 Bh5 15. g4 Bg6 16. h4 h5 17. Rhg1 Rae8 18. e6 fxe6 19. Nxe6 Rxe6 20. Bxe6+ Kh8 21. Bf5 Bxf5 22. gxf5 Rxf5 23. Rad1 Nac5 24. Rd8+ Kh7 25. Ng5+ Nxg5 26. Rxg5 Rxg5 27. hxg5 Ne6 28. Re8 Bxe3 29. Kxe3 Nxg5 30. Re7 h4 31. f4 h3 32. Kf2 h2 33. Kg2 Nh3 34. Kxh2 Nxf4 35. Rxc7 b5 36. Rxa7 Nd3 37. b3 Kg6 38. Rb7 b4 39. a4 Kf6 40. a5 Ke5 41. a6 Nc5 42. a7 Nxb7 43. a8=Q Nc5 44. Qc6 Kd4 45. Qd6+ Kc3 46. Qxc5+ Kxb3 47. Qd5+ Kc3 48. Qe5+ Kc2 49. Qxg7 b3 50. Qg2+ Kc1 51. Qf1+ Kc2 52. Qe2+ Kc1 53. Qc4+ Kb2 54. Kg2 Ka1 55. Qa4+ Kb2 56. Kf2 Kc3 57. Qc6+ Kd2 58. Qd5+ Kc2 59. Qc4+ Kb2 60. Ke2 Ka1 61. Qa4+ Kb2 62. Kd2 Kb1 63. Qxb3+ Ka1 64. Qb4 Ka2 65. Kc2 Ka1 66. Qa3# 1-0


[Site "https://www.chess.com"]

[Event "Titled Tuesday Blitz January 25 2022"]
[White "Sadhwani, Raunak"]
[Black "Fawzy, Adham"]
[WhiteFideId "35093487"]
[BlackFideId "10613129"]
[WhiteElo "2616"]
[BlackElo "2510"]
[Result "0-1"]
[Round "05"]
[TimeControl "180+1"]
[Date "2022.01.26"]
[WhiteClock "0:00:06"]
[BlackClock "0:00:08"]

1. d4 d5 2. c4 c6 3. Nf3 Nf6 4. e3 e6 5. b3 Be7 6. Bd3 O-O 7. O-O b6 8. Bb2 Bb7 9. Nc3 Nbd7 10. cxd5 cxd5 11. Qe2 Ne4 12. Rfc1 a6 13. a4 f5 14. Nd2 Bd6 15. f3 Qh4 16. Nf1 Nef6 17. Qf2 Qxf2+ 18. Kxf2 Rfc8 19. Ke2 Kf7 20. Ba3 Bxa3 21. Rxa3 Rc7 22. Raa1 Rac8 23. Kd2 g6 24. Ng3 e5 25. dxe5 Nxe5 26. Nge2 Nc6 27. Nd4 Nb4 28. Nce2 Nd7 29. Rxc7 Rxc7 30. Rc1 Nc5 31. Bb1 Re7 32. Nf4 a5 33. Nd3 Nbxd3 34. Bxd3 Bc8 35. Bb5 Bd7 36. Rc3 Kf6 37. Rc1 g5 38. Rb1 Bxb5 39. Nxb5 f4 40. exf4 gxf4 41. Nc3 Rd7 42. b4 axb4 43. Rxb4 d4 44. Ne2 Ke5 45. Nc1 Kd5 46. Nd3 Ra7 47. Nxf4+ Kc6 48. Ne2 d3 49. Nc3 Re7 50. Ne4 Ra7 51. Nc3 Na6 52. Rd4 Nc5 53. Rc4 Kd6 54. Rh4 Kc6 55. Rh6+ Kb7 56. h4 Ka6 57. h5 Re7 58. Rd6 Nb3+ 59. Kxd3 Nc5+ 60. Kd4 Ne6+ 61. Kd5 Nf4+ 62. Kc6 Ne6 63. Nd5 Nd4# 0-1


[Site "https://www.chess.com"]

[Event "Titled Tuesday Blitz January 25 2022"]
[White "Sadovsky, Artem"]
[Black "Pultinevicius, Paulius"]
[WhiteFideId "4155840"]
[BlackFideId "12809390"]
[WhiteElo "2369"]
[BlackElo "2413"]
[Result "1-0"]
[Round "05"]
[TimeControl "180+1"]
[Date "2022.01.26"]
[WhiteClock "0:00:13"]
[BlackClock "0:00:04"]

1. Nf3 Nf6 2. b3 g6 3. Bb2 Bg7 4. c4 O-O 5. e3 c5 6. Be2 Nc6 7. O-O e6 8. d4 cxd4 9. Nxd4 d5 10. Nxc6 bxc6 11. Nd2 a5 12. Qc2 Ba6 13. Rfd1 Rc8 14. e4 Qc7 15. Rac1 Rfd8 16. exd5 cxd5 17. Bf3 e5 18. Qb1 e4 19. Qa1 exf3 20. Bxf6 Bxf6 21. Qxf6 fxg2 22. Qxa6 Qf4 23. c5 Re8 24. Qd3 Rc6 25. Nf3 Rf6 26. c6 Rc8 27. Qxd5 Kg7 28. c7 Rxc7 29. Rxc7 Qxc7 30. Qe5 Qc6 31. Rd3 h6 32. Nd4 Qb6 33. Rf3 g5 34. Qxf6+ Qxf6 35. Rxf6 Kxf6 36. Kxg2 g4 37. Nc6 Ke6 38. Nxa5 Kd5 39. Nc4 h5 40. Ne3+ Ke4 41. Kg3 f5 42. Kg2 f4 43. Nxg4 hxg4 44. b4 Kd4 45. b5 Kc5 46. a4 Kb6 47. f3 gxf3+ 48. Kxf3 Ka5 49. Kxf4 Kxa4 50. b6 Ka5 51. b7 1-0


[Site "https://www.chess.com"]

[Event "Titled Tuesday Blitz January 25 2022"]
[White "Sadykov, Ramil"]
[Black "Martinez Ramirez, Lennis"]
[WhiteFideId "24113590"]
[BlackFideId "3509079"]
[WhiteElo "2300"]
[BlackElo "2374"]
[Result "0-1"]
[Round "05"]
[TimeControl "180+1"]
[Date "2022.01.26"]
[WhiteClock "0:00:05"]
[BlackClock "0:00:09"]

1. e4 c5 2. Nc3 Nc6 3. g3 g6 4. Bg2 Bg7 5. d3 e6 6. Be3 Nd4 7. Qd2 Rb8 8. Nd1 d6 9. c3 Nc6 10. Ne2 b5 11. a3 Bb7 12. O-O Ne5 13. h3 h5 14. f4 Nd7 15. b4 Ne7 16. Rb1 Ba8 17. d4 cxd4 18. Bxd4 e5 19. Bxa7 Rb7 20. Be3 Nb6 21. Nb2 exf4 22. Bd4 Bxd4+ 23. Qxd4 O-O 24. gxf4 Ra7 25. a4 bxa4 26. Nc4 Nxc4 27. Qxa7 Nd2 28. Rbd1 Nxe4 29. Qxa4 Qb6+ 30. Kh2 Nf5 31. Qa5 Qe3 32. Qb5 Nxc3 33. Qd3 Qxd3 34. Rxd3 Nxe2 35. Bxa8 Rxa8 36. b5 Rb8 37. Rb1 Rb6 38. Rb4 h4 39. Kg2 Kf8 40. Kf2 Neg3 41. Kf3 Ke7 42. Ra3 Rxb5 43. Ra7+ Kf6 44. Rxb5 Nd4+ 45. Kg4 Nxb5 46. Rb7 Nd4 47. Kxh4 Ne4 48. Kg4 Nf5 49. Rb6 Ke6 50. Ra6 Nc5 51. Ra8 Nd7 52. Kg5 Ke7 53. Ra7 Nd4 54. Ra1 Ne6+ 55. Kg4 d5 56. Ra6 Nf6+ 57. Kf3 d4 58. h4 Nd5 59. Ke4 Ndxf4 60. Ke5 Kf8 61. Ra7 Kg7 62. Ke4 Ng2 63. Ra6 Nxh4 64. Ra5 Nf5 65. Kd3 Ne7 66. Ra4 Nc6 67. Ra6 Nc5+ 68. Kc4 Nxa6 0-1


[Site "https://www.chess.com"]

[Event "Titled Tuesday Blitz January 25 2022"]
[White "Sapunov, Evgeny"]
[Black "Saravana, Krishnan P."]
[WhiteFideId "4126661"]
[BlackFideId "5018382"]
[WhiteElo "2470"]
[BlackElo "2210"]
[Result "1-0"]
[Round "05"]
[TimeControl "180+1"]
[Date "2022.01.26"]
[WhiteClock "0:00:20"]
[BlackClock "0:00:01"]

1. c4 e5 2. Nf3 Nc6 3. Nc3 Nf6 4. e3 Bb4 5. Qc2 Bxc3 6. Qxc3 d6 7. a3 O-O 8. b4 Qe7 9. Bb2 Ne4 10. Qc2 f5 11. Be2 a5 12. b5 Nd8 13. O-O Nf7 14. d4 Nf6 15. dxe5 dxe5 16. c5 c6 17. a4 Re8 18. Rfd1 Nd5 19. Rac1 Nb4 20. Qb3 Be6 21. Bc4 Bd5 22. Bc3 Bxc4 23. Qxc4 Nd5 24. Ba1 Rad8 25. e4 fxe4 26. Qxe4 Nf6 27. Qc4 Rd5 28. Rxd5 cxd5 29. Qc3 d4 30. Qxa5 d3 31. Qc3 e4 32. Re1 Rc8 33. Nd2 Rxc5 34. Qd4 Rd5 35. Qc4 Rc5 36. Qb3 Kh8 37. h3 Nd6 38. Qb4 Nf5 39. Bxf6 gxf6 40. Nxe4 Re5 41. Qxe7 Rxe7 42. f3 Nd4 43. Rd1 f5 44. Nc5 Rc7 45. Nxd3 Rc2 46. Nf4 Rc4 47. a5 Nxb5 48. Rd8+ Kg7 49. Rd7+ Kf6 50. Rxb7 Nd6 51. Rb6 Ke5 52. Nd3+ Kd5 53. a6 Ra4 54. Nb4+ Kc5 55. Rc6+ Kb5 56. Rxd6 Kxb4 57. Rf6 Ra5 58. f4 Kc4 59. Kf2 Kd4 60. Kg3 Ra3+ 61. Kh4 Ke4 62. g3 Ra5 63. Rb6 Kf3 64. Rb3+ Ke4 65. Rb6 Kf3 66. Re6 Ra4 67. Rf6 Ke4 68. Rh6 1-0


[Site "https://www.chess.com"]

[Event "Titled Tuesday Blitz January 25 2022"]
[White "Sargsyan, Anna M."]
[Black "Samadov, Read"]
[WhiteFideId "13308130"]
[BlackFideId "13417444"]
[WhiteElo "2271"]
[BlackElo "2084"]
[Result "0-1"]
[Round "05"]
[TimeControl "180+1"]
[Date "2022.01.26"]
[WhiteClock "0:00:01"]
[BlackClock "0:00:06"]

1. d4 Nf6 2. c4 e6 3. Nf3 d5 4. Nc3 Bb4 5. Bg5 h6 6. Bxf6 Qxf6 7. Qa4+ Nc6 8. e3 O-O 9. cxd5 exd5 10. Be2 Rd8 11. O-O a5 12. Rac1 Ne7 13. Ne5 c6 14. Qd1 Bd6 15. f4 Nf5 16. Qd2 Qe7 17. Bd3 f6 18. Rce1 fxe5 19. fxe5 Bxe5 20. Bxf5 Bc7 21. Bb1 Qd6 22. Rf4 g5 23. Qd3 gxf4 24. Qh7+ Kf8 25. Qh8+ Kf7 26. Qh7+ Kf8 27. Rf1 Qe7 28. Qh8+ Kf7 29. Qh7+ Ke8 30. Bg6+ Kd7 31. Bf5+ Kd6 32. Qg6+ Be6 0-1


[Site "https://www.chess.com"]

[Event "Titled Tuesday Blitz January 25 2022"]
[White "Seemann, Jakub"]
[Black "Rychagov, Andrey"]
[WhiteFideId "21874697"]
[BlackFideId "4119932"]
[WhiteElo "2003"]
[BlackElo "2500"]
[Result "1-0"]
[Round "05"]
[TimeControl "180+1"]
[Date "2022.01.26"]
[WhiteClock "0:00:04"]
[BlackClock "0:00:02"]

1. d4 f5 2. c4 Nf6 3. Nc3 e6 4. Bf4 Bb4 5. e3 O-O 6. h3 d6 7. Nf3 Qe7 8. a3 Bxc3+ 9. bxc3 Nbd7 10. Be2 e5 11. Bh2 b6 12. a4 Bb7 13. a5 Ne4 14. Qb3 c5 15. a6 Bc8 16. O-O g5 17. dxe5 Nxe5 18. Rfd1 g4 19. Nxe5 dxe5 20. Rd5 gxh3 21. Bf3 Be6 22. Rxe5 Qf7 23. Bf4 Bxc4 24. Qc2 Bd5 25. c4 Bc6 26. g4 Rae8 27. Rxf5 Qg7 28. Rxf8+ Rxf8 29. Rd1 Qg6 30. Kh2 Ba8 31. Rd7 Nf6 32. Qxg6+ hxg6 33. Bxa8 Rxa8 34. Rb7 Nxg4+ 35. Kxh3 Nxf2+ 36. Kg2 Ne4 37. Bb8 Nd2 38. Bxa7 Nxc4 39. Rb8+ Rxb8 40. Bxb8 b5 41. Bc7 Nxe3+ 42. Kf3 Nd5 43. Bd8 b4 44. a7 b3 45. a8=Q b2 46. Qxd5+ 1-0


[Site "https://www.chess.com"]

[Event "Titled Tuesday Blitz January 25 2022"]
[White "Seletsky, Grigory"]
[Black "Senthil Maran K"]
[WhiteFideId "14112191"]
[BlackFideId "25035681"]
[WhiteElo "2492"]
[BlackElo "2194"]
[Result "0-1"]
[Round "05"]
[TimeControl "180+1"]
[Date "2022.01.26"]
[WhiteClock "0:02:00"]
[BlackClock "0:01:42"]

1. d4 Nf6 2. c3 d5 3. Nf3 g6 4. g3 Bg7 5. Bg2 O-O 6. O-O Bf5 7. Bf4 c6 8. Nbd2 Nbd7 9. Nh4 Be6 10. Nhf3 Re8 11. Ng5 Bf5 12. e4 dxe4 13. Qb3 Nd5 14. Ndxe4 h6 15. Nf3 Nxf4 16. gxf4 Bxe4 17. Qxb7 Nf6 18. Qa6 Qd5 19. c4 Qh5 20. Rfe1 Bxf3 0-1


[Site "https://www.chess.com"]

[Event "Titled Tuesday Blitz January 25 2022"]
[White "Seo, Jung Min"]
[Black "Galyas, Miklos"]
[WhiteFideId "1734687"]
[BlackFideId "707244"]
[WhiteElo "2401"]
[BlackElo "2409"]
[Result "1-0"]
[Round "05"]
[TimeControl "180+1"]
[Date "2022.01.26"]
[WhiteClock "0:00:12"]
[BlackClock "0:00:06"]

1. e4 d5 2. Nc3 dxe4 3. Nxe4 Nd7 4. d4 Ngf6 5. Ng3 e6 6. Nf3 b6 7. Bd3 Bb7 8. Qe2 Be7 9. O-O O-O 10. b3 c5 11. Bb2 cxd4 12. Nxd4 Nc5 13. Bb5 Qc7 14. a4 Rad8 15. Rad1 Nce4 16. Nxe4 Nxe4 17. Bc4 Bf6 18. Nb5 Qb8 19. Bxf6 Nxf6 20. Rxd8 Rxd8 21. Rd1 a6 22. Nc3 Rxd1+ 23. Qxd1 h5 24. h3 Qe5 25. Qd8+ Kh7 26. Qxb6 Bxg2 27. Qe3 Qxe3 28. fxe3 Bb7 29. a5 Nd7 30. Bd3+ f5 31. Na4 g5 32. b4 Kg7 33. c4 g4 34. Bf1 Ne5 35. Nc5 Ba8 36. Nxa6 Nf3+ 37. Kf2 h4 38. Nc7 g3+ 39. Ke2 Ng1+ 40. Ke1 Nf3+ 41. Kd1 Be4 42. Nxe6+ Kf6 43. Nf4 Ng5 44. b5 Ke5 45. a6 Kd6 46. b6 Kc6 47. c5 Nf3 48. Bg2 Ne5 49. Bxe4+ fxe4 50. a7 Kb7 51. Ke2 Nc6 52. Ne6 Ne5 53. Nd8+ Ka8 54. c6 g2 55. Kf2 1-0


[Site "https://www.chess.com"]

[Event "Titled Tuesday Blitz January 25 2022"]
[White "Shevchenko, Kirill"]
[Black "Lenderman, Aleksandr"]
[WhiteFideId "14129574"]
[BlackFideId "2021285"]
[WhiteElo "2624"]
[BlackElo "2651"]
[Result "1-0"]
[Round "05"]
[TimeControl "180+1"]
[Date "2022.01.26"]
[WhiteClock "0:00:28"]
[BlackClock "0:00:01"]

1. d4 d6 2. Bg5 c5 3. dxc5 Qa5+ 4. Nc3 Qxc5 5. Nf3 Nc6 6. e4 Bg4 7. Be3 Qa5 8. h3 Bxf3 9. Qxf3 Nf6 10. Bb5 Rc8 11. O-O-O a6 12. Bxc6+ Rxc6 13. Kb1 e6 14. Bd4 Be7 15. Rhe1 O-O 16. e5 dxe5 17. Bxe5 Rd8 18. Rxd8+ Qxd8 19. Rd1 Qc8 20. Qd3 h6 21. a3 b5 22. g4 Ne8 23. Ne4 f6 24. Bg3 e5 25. f4 exf4 26. Bxf4 Qe6 27. Ng3 Qc4 28. Nf5 Bf8 29. Qd2 Nc7 30. b3 Qf7 31. Qd8 Ne6 32. Qa8 Rb6 33. Bxh6 Qb7 34. Qe8 gxh6 35. Qg6+ Kh8 36. Qxf6+ Bg7 37. Qg6 Kg8 38. Rd8+ Nxd8 39. Qe8+ Kh7 40. Ne7 Qd7 41. Qg8# 1-0


[Site "https://www.chess.com"]

[Event "Titled Tuesday Blitz January 25 2022"]
[White "Shipov, Sergei"]
[Black "Sanal, Vahap"]
[WhiteFideId "4113624"]
[BlackFideId "6300545"]
[WhiteElo "2774"]
[BlackElo "2603"]
[Result "0-1"]
[Round "05"]
[TimeControl "180+1"]
[Date "2022.01.26"]
[WhiteClock "0:00:16"]
[BlackClock "0:00:15"]

1. d4 d5 2. c4 c6 3. Nc3 Nf6 4. Nf3 e6 5. e3 Nbd7 6. Qc2 Bd6 7. Bd2 O-O 8. O-O-O b5 9. e4 b4 10. e5 bxc3 11. Bxc3 Be7 12. exf6 Bxf6 13. Bd3 g6 14. c5 a5 15. h4 Ba6 16. h5 Bxd3 17. Qxd3 Qc8 18. Qe3 Re8 19. hxg6 fxg6 20. Ng5 Nf8 21. f4 Ra7 22. Rh4 Bxg5 23. fxg5 a4 24. a3 Rf7 25. Re1 Qa6 26. Qd2 Qc4 27. Rh3 e5 28. dxe5 Ne6 29. Kb1 Ref8 30. Rf3 Rxf3 31. gxf3 Rxf3 32. Qd1 Rf7 33. Rh1 d4 34. Bb4 d3 35. Qxa4 d2 36. Rd1 Rf1 37. Bxd2 Qxa4 0-1


[Site "https://www.chess.com"]

[Event "Titled Tuesday Blitz January 25 2022"]
[White "Shtyka, Sergey"]
[Black "Nazari, Arad"]
[WhiteFideId "4138465"]
[BlackFideId "12577324"]
[WhiteElo "2014"]
[BlackElo "2120"]
[Result "0-1"]
[Round "05"]
[TimeControl "180+1"]
[Date "2022.01.26"]
[WhiteClock "0:00:06"]
[BlackClock "0:01:50"]

1. e4 c5 2. Nf3 d6 3. d4 cxd4 4. Nxd4 Nf6 5. Nc3 a6 6. Bc4 e6 7. O-O Be7 8. Be3 O-O 9. f4 Nbd7 10. Qf3 Nc5 11. Bd3 Qc7 12. Rae1 b5 13. a3 Bb7 14. Kh1 Rac8 15. Bf2 Rfd8 16. Bh4 Re8 17. Qh3 Rcd8 18. e5 dxe5 19. fxe5 Nxd3 20. cxd3 Nd5 21. Nxe6 fxe6 22. Qxe6+ Kh8 23. Rf7 Bxh4 24. Ref1 Qc8 25. Qxc8 Bxc8 26. Nxd5 Be6 0-1


[Site "https://www.chess.com"]